Map: Ruines d’Endion

Players

zidar

  • Race: Zerg Zerg
  • League: Gold
  • Spawn Location: 5:00

musashi - Winner!

  • Race: Zerg Zerg
  • League: Gold
  • Spawn Location: 7:00

VOD

Have the link to the VOD?

Description

Time

  • Played on: May 17, 2016, 12:17 p.m.
  • Length: 12:39
Show
View Real Time Build Order
Export as new Build Order

zidar Zerg 

Build Orders: Pool First 

Get SALT Encoding   

  12  0:01  Drone  
  13  0:12  Overlord  
  13  0:18  Drone  
  14  0:31  Drone x2  
  14  0:34  Drone  
  17  0:48  Spawning Pool  
  16  0:51  Drone  
  16  0:55  Extractor  
  16  0:56  Drone  
  17  1:22  Hatchery  
  16  1:35  Zergling x4  
  16  1:36  Zergling x2  
  19  1:46  Queen  
  21  1:57  Metabolic Boost  
  20  2:06  Overlord  
  20  2:17  Zergling x2  
  20  2:18  Zergling x2  
  22  2:28  Overlord  
  22  2:38  Queen  
  24  2:49  Baneling Nest  
  23  3:11  Extractor  
  22  3:14  Drone x5  
  27  3:32  Zergling x4  
  27  3:33  Zergling x4  
  31  3:46  Overlord  
  31  3:48  Zergling x4  
  33  3:52  Baneling  
  33  3:53  Baneling  
  33  4:16  Roach Warren  
  33  4:17  Drone x4  
  36  4:29  Baneling  
  35  5:03  Lair  
  35  5:13  Drone x8  
  43  5:37  Zergling x2  
  43  5:42  Overlord x2  
  43  6:01  Zergling x2  
  43  6:02  Zergling x20  
  49  6:16  Roach x5  
  56  6:31  Zergling x2  
  56  6:32  Zergling x2  
  51  6:54  Roach x4  
  59  7:07  Evolution Chamber  
  58  7:09  Overlord x2  
  58  7:10  Overlord x3  
  58  7:24  Spire  
  57  8:04  Roach x2  
  57  8:05  Roach x11  
  82  8:08  Glial Reconstitution  
  75  8:32  Roach x6  
  87  8:52  Mutalisk x5  
  41  9:55  Roach x7  
  41  9:56  Roach x2  
  59  10:08  Roach x2  
  50  10:39  Zergling x2  
  50  10:40  Zergling x10  
  50  10:42  Queen  
  58  10:44  Queen  
  60  10:51  Zergling x4  
  62  11:03  Zergling x4  
  64  11:23  Zergling x4  
  66  11:43  Zergling x8  
Show
View Real Time Build Order
Export as new Build Order

musashi Zerg - Winner!

Build Orders: Pool First 

Get SALT Encoding   

  12  0:03  Drone  
  13  0:15  Drone  
  14  0:21  Overlord  
  14  0:36  Spawning Pool  
  14  0:39  Extractor  
  14  0:40  Drone  
  13  0:51  Drone x2  
  15  1:00  Drone  
  16  1:18  Drone x2  
  17  1:24  Queen  
  20  1:29  Zergling x2  
  21  1:45  Hatchery  
  20  1:53  Drone x2  
  22  2:01  Metabolic Boost  
  22  2:13  Overlord  
  22  2:24  Spine Crawler  
  22  2:27  Zergling x2  
  22  2:28  Overlord  
  22  2:34  Zergling x6  
  25  2:52  Zergling x4  
  27  3:41  Drone x5  
  29  3:42  Drone x6  
  38  3:51  Queen  
  38  3:53  Baneling Nest  
  39  4:08  Drone x4  
  43  4:16  Drone  
  44  4:18  Overlord  
  44  4:32  Overlord x2  
  44  4:47  Lair  
  43  4:59  Zergling x2  
  45  5:00  Extractor x2, Zergling x12  
  45  5:06  Roach Warren  
  47  5:10  Extractor, Drone  
  47  5:14  Drone  
  48  5:24  Drone x5  
  48  5:25  Drone  
  54  5:39  Baneling x2  
  54  5:40  Baneling x3  
  54  5:44  Zergling x10  
  45  7:01  Roach x6  
  53  7:02  Roach x5  
  53  7:03  Glial Reconstitution  
  67  7:09  Hydralisk Den  
  66  7:21  Hatchery  
  65  7:41  Zergling x6  
  65  7:42  Overlord x5  
  66  8:04  Roach x4  
  74  8:07  Baneling x2  
  74  8:08  Baneling x4  
  68  8:34  Roach  
  68  8:35  Roach x4  
  68  8:37  Queen  
  80  8:43  Lurker Den  
  80  8:52  Hydralisk x2  
  80  8:54  Roach x3  
  80  8:55  Evolution Chamber x2  
  82  9:09  Roach, Zergling x6  
  82  9:10  Roach x2  
  69  9:30  Hydralisk x4  
  70  9:32  Roach x3  
  70  9:38  Zerg Ground Armor Level 1  
  70  9:40  Zerg Missile Weapons Level 1  
  70  9:45  Hydralisk x3  
  72  9:56  Spore Crawler  
  72  9:57  Spore Crawler  
  72  9:59  Hydralisk x3  
  70  10:00  Hydralisk  
  60  11:05  Hydralisk x6  
  60  11:06  Hydralisk  
  74  11:15  Overseer  
  74  11:16  Overseer  
  74  11:23  Spore Crawler  
  73  11:45  Overlord x4  
  73  12:03  Overlord x5  
  73  12:04  Overlord  
Tags
 
Add a new tag
Caveats
  • Supply blocks, unpowered buildings, or Contaminate may cause inaccurate times.
  • Supply counts are checked every 10 seconds.